[Event "Titled Tuesday Blitz February 22 Late 2022"]
[White "Maksimovic, Bojan"]
[Black "Tari, Aryan"]
[WhiteFideId "14408120"]
[BlackFideId "1510045"]
[WhiteElo "2450"]
[BlackElo "2567"]
[Result "1/2-1/2"]
[Round "09"]
[TimeControl "180+1"]
[Date "2022.02.22"]
[WhiteClock "0:00:04"]
[BlackClock "0:00:03"]

1. a3 h6 2. e4 c6 3. d4 d5 4. exd5 cxd5 5. Nf3 Nc6 6. Bf4 Bg4 7. Be2 e6 8. c3 Bd6 9. Bxd6 Qxd6 10. O-O Nge7 11. a4 O-O 12. Na3 a6 13. Nc2 f6 14. Ne3 Bh5 15. Nh4 Bxe2 16. Qxe2 g5 17. Nf3 Ng6 18. g3 Rae8 19. Rad1 Kg7 20. c4 Nce7 21. Rfe1 h5 22. Nd2 g4 23. cxd5 exd5 24. Ng2 Nc6 25. Qd3 Rxe1+ 26. Rxe1 f5 27. Nf1 f4 28. Qd2 Qf6 29. Rd1 h4 30. Nxf4 Nxf4 31. gxf4 Qxf4 32. Qxf4 Rxf4 33. Ne3 Kg6 34. Nxd5 Rxd4 35. Rxd4 Nxd4 36. Kg2 Kf5 37. Ne3+ Kf4 38. h3 gxh3+ 39. Kxh3 Kf3 40. Kxh4 Kxf2 41. Nc4 Ke2 42. Nd6 b6 43. Nc8 b5 44. axb5 axb5 45. b4 Kd3 46. Nd6 Kc3 47. Nxb5+ Kxb4 1/2-1/2


[Site "https://www.chess.com"]

[Event "Titled Tuesday Blitz February 22 Late 2022"]
[White "Martirosyan, Haik M."]
[Black "Lenderman, Aleksandr"]
[WhiteFideId "13306553"]
[BlackFideId "2021285"]
[WhiteElo "2735"]
[BlackElo "2651"]
[Result "1-0"]
[Round "09"]
[TimeControl "180+1"]
[Date "2022.02.22"]
[WhiteClock "0:00:05"]
[BlackClock "0:00:22"]

1. e4 c5 2. Nf3 Nf6 3. e5 Nd5 4. Nc3 e6 5. Nxd5 exd5 6. d4 Nc6 7. c3 d6 8. Bf4 cxd4 9. cxd4 dxe5 10. dxe5 Bb4+ 11. Bd2 Qb6 12. Be2 O-O 13. O-O Bg4 14. Bf4 Rad8 15. h3 Bh5 16. a3 Be7 17. b4 f6 18. exf6 Bxf6 19. Ra2 Rfe8 20. Rd2 d4 21. Bd3 Ne5 22. Bxe5 Bxe5 23. Re1 Bf4 24. Rde2 Rxe2 25. Qxe2 Re8 26. Qa2+ Kh8 27. Rxe8+ Bxe8 28. g3 Bh6 29. Qe2 Bf7 30. Qe7 Bg8 31. Qe8 Qe6 32. Qb8 Qd5 33. Ne5 Bg5 34. Bc4 Qd8 35. Qxd8 Bxd8 36. Bxg8 Kxg8 37. Kf1 Bc7 38. Nd3 Kf7 39. Ke2 Ke6 40. Nc5+ Kd5 41. Kd3 b6 42. Ne4 Bd8 43. Nd2 b5 44. Nb3 Bb6 45. f4 h5 46. g4 h4 47. Nc1 a5 48. Ne2 a4 49. Ng1 Bc7 50. Nf3 Bxf4 51. Nxd4 Bc1 52. Nxb5 Ke5 53. Kc2 Be3 54. Nc3 Ba7 55. Kd3 Kf4 56. Ke2 Kg3 57. Nxa4 Kxh3 58. Kf3 Kh2 59. Nc3 h3 60. Ne2 g5 61. a4 Bb8 62. a5 Bc7 63. a6 Bb6 64. b5 Ba7 65. Ng3 Kg1 66. Ne2+ Kf1 67. Ng3+ Ke1 68. Ne4 Bb8 69. Nxg5 Kf1 70. Nxh3 Ba7 71. g5 Bb6 72. g6 Ba7 73. g7 Bb6 74. g8=Q Ba7 75. Qe6 Bb6 76. Qe2# 1-0


[Site "https://www.chess.com"]

[Event "Titled Tuesday Blitz February 22 Late 2022"]
[White "Medeiros Jr, Francisco De Assis"]
[Black "Jarocka, Liwia"]
[WhiteFideId "2114267"]
[BlackFideId "21807558"]
[WhiteElo "1998"]
[BlackElo "1896"]
[Result "1-0"]
[Round "09"]
[TimeControl "180+1"]
[Date "2022.02.23"]
[WhiteClock "0:00:24"]
[BlackClock "0:00:37"]

1. d4 d6 2. Nf3 Nf6 3. Bg5 g6 4. Bxf6 exf6 5. e3 Bg7 6. g3 O-O 7. Bg2 c5 8. c3 Nc6 9. O-O Bg4 10. Nbd2 Rc8 11. h3 Bd7 12. Ne1 b6 13. Nd3 Bf5 14. Nf4 Ne7 15. Re1 Bd7 16. a4 f5 17. h4 Bc6 18. Qb3 Bxg2 19. Kxg2 Qc7 20. a5 bxa5 21. Qa2 Rb8 22. Nc4 Nc6 23. Nd5 Qb7 24. Nxd6 Qd7 25. dxc5 Ne5 26. Red1 Qc6 27. Qxa5 Rxb2 28. Qxa7 Ng4 29. Kg1 Nxf2 30. Ne7+ Kh8 31. Nxc6 Nh3+ 32. Kf1 Rf2+ 33. Ke1 Bxc3+ 34. Rd2 Bxd2+ 35. Kd1 Bc3 36. Ra2 Rf1+ 37. Ke2 Rf2+ 38. Kd3 Rxa2 39. Qxa2 Bg7 40. Nxf7+ Rxf7 41. Qxf7 Nf2+ 42. Ke2 1-0


[Site "https://www.chess.com"]

[Event "Titled Tuesday Blitz February 22 Late 2022"]
[White "Mickiewicz, Piotr"]
[Black "Romanchuk, Viktor"]
[WhiteFideId "1114891"]
[BlackFideId "14109271"]
[WhiteElo "2266"]
[BlackElo "2242"]
[Result "0-1"]
[Round "09"]
[TimeControl "180+1"]
[Date "2022.02.23"]
[WhiteClock "0:00:21"]
[BlackClock "0:00:15"]

1. Nf3 d5 2. b3 c6 3. Bb2 Bf5 4. e3 e6 5. Be2 Nd7 6. O-O h6 7. d3 Ngf6 8. Nbd2 Bc5 9. a3 O-O 10. b4 Bb6 11. c4 Qe7 12. c5 Bc7 13. Qc2 e5 14. e4 Bh7 15. Rfe1 a5 16. Bf1 axb4 17. axb4 Rfe8 18. g3 Nf8 19. Rxa8 Rxa8 20. exd5 Nxd5 21. Bxe5 Bxe5 22. Rxe5 Qf6 23. Qb2 Ne6 24. d4 Ra4 25. b5 g5 26. bxc6 bxc6 27. Qb8+ Kg7 28. Qd6 Nxd4 29. Nxd4 Rxd4 30. Nc4 Rd1 31. Re8 Bd3 32. Qf8+ Kg6 33. Ne5+ Kh5 34. Nxd3 Qf3 35. Nf4+ Nxf4 36. Qxf7+ Kg4 0-1


[Site "https://www.chess.com"]

[Event "Titled Tuesday Blitz February 22 Late 2022"]
[White "Mirzoev, Azer"]
[Black "Sargsyan, Anna M."]
[WhiteFideId "13400304"]
[BlackFideId "13308130"]
[WhiteElo "2525"]
[BlackElo "2271"]
[Result "1-0"]
[Round "09"]
[TimeControl "180+1"]
[Date "2022.02.22"]
[WhiteClock "0:00:08"]
[BlackClock "0:00:03"]

1. c4 e5 2. Nc3 Nf6 3. e3 Nc6 4. Nf3 d5 5. cxd5 Nxd5 6. Qc2 Be7 7. a3 O-O 8. b4 a6 9. Bb2 h6 10. Be2 Re8 11. O-O Bf8 12. d3 Bg4 13. Rfd1 Bh5 14. Rac1 Bg6 15. Ne4 Kh7 16. Qb3 f5 17. Nc5 Bxc5 18. Rxc5 Bf7 19. Qc2 Kg8 20. Rxc6 bxc6 21. Nxe5 Qd6 22. Nxc6 Nf6 23. Nd4 Bg6 24. Rc1 Rac8 25. h3 Kh7 26. Qc5 f4 27. e4 Nd7 28. Qa5 Ne5 29. Rc5 f3 30. Nxf3 Nxf3+ 31. Bxf3 Qxd3 32. Rc1 Bxe4 33. Bxe4+ Rxe4 34. Qf5+ g6 35. Qf7# 1-0


[Site "https://www.chess.com"]

[Event "Titled Tuesday Blitz February 22 Late 2022"]
[White "Moskvin, Anatoly"]
[Black "Papp, Levente"]
[WhiteFideId "24199990"]
[BlackFideId "751243"]
[WhiteElo "2079"]
[BlackElo "2308"]
[Result "1-0"]
[Round "09"]
[TimeControl "180+1"]
[Date "2022.02.23"]
[WhiteClock "0:00:06"]
[BlackClock "0:00:06"]

1. e4 e5 2. Nf3 Nf6 3. d4 Nxe4 4. Bd3 d5 5. Nxe5 Be7 6. O-O O-O 7. c4 c6 8. Nc3 Nxc3 9. bxc3 Nd7 10. f3 Nxe5 11. dxe5 Be6 12. cxd5 Qxd5 13. Qe2 Rfd8 14. Rd1 Qc5+ 15. Qe3 Bc4 16. Bc2 Rxd1+ 17. Bxd1 Qd5 18. Qe1 Bc5+ 19. Kh1 Re8 20. f4 Qd3 21. Bf3 f6 22. Be4 Qd7 23. Be3 Bxe3 24. Qxe3 fxe5 25. fxe5 Qe6 26. Re1 b6 27. Qf4 g6 28. a3 Kg7 29. Bf3 Rf8 30. Qd4 Bd5 31. Bxd5 cxd5 32. Kg1 Rc8 33. Rd1 Rc5 34. Rf1 Rc4 35. Qf2 Rc8 36. Qd4 Re8 37. Re1 Rf8 38. h3 h5 39. a4 a6 40. Rb1 b5 41. axb5 axb5 42. Rxb5 Qa6 43. Rxd5 Rf1+ 44. Kh2 Qe2 45. e6+ Kh6 46. Qh8# 1-0


[Site "https://www.chess.com"]

[Event "Titled Tuesday Blitz February 22 Late 2022"]
[White "Myers, Dominique"]
[Black "Batsiashvili, Nino"]
[WhiteFideId "2041715"]
[BlackFideId "13602993"]
[WhiteElo "1986"]
[BlackElo "2230"]
[Result "1-0"]
[Round "09"]
[TimeControl "180+1"]
[Date "2022.02.23"]
[WhiteClock "0:00:46"]
[BlackClock "0:00:18"]

1. e4 e5 2. Nf3 Nc6 3. Bb5 a6 4. Ba4 Nf6 5. O-O b5 6. Bb3 Bc5 7. c3 d6 8. a4 Rb8 9. d4 Bb6 10. a5 Ba7 11. h3 Bb7 12. Be3 Nxe4 13. Re1 d5 14. dxe5 Bxe3 15. Rxe3 Ne7 16. Nbd2 Nxd2 17. Qxd2 O-O 18. Bc2 c5 19. Ng5 Ng6 20. Rg3 d4 21. e6 Bd5 22. exf7+ Bxf7 23. Nxf7 Rxf7 24. cxd4 Qd6 25. Rd1 c4 26. b3 Rbf8 27. Qg5 Rxf2 28. Bxg6 hxg6 29. bxc4 bxc4 30. Qxg6 Qxg6 31. Rxg6 R2f5 32. Rxa6 Rc8 33. Rc1 Rd5 34. Rc3 Rxd4 35. Ra7 Rd3 36. Rxd3 cxd3 37. Rd7 Ra8 38. Rxd3 1-0


[Site "https://www.chess.com"]

[Event "Titled Tuesday Blitz February 22 Late 2022"]
[White "Novikova, Galina"]
[Black "Quirke, Jeffrey"]
[WhiteFideId "4157095"]
[BlackFideId "2013029"]
[WhiteElo "1863"]
[BlackElo "2182"]
[Result "1-0"]
[Round "09"]
[TimeControl "180+1"]
[Date "2022.02.23"]
[WhiteClock "0:00:18"]
[BlackClock "0:00:02"]

1. e4 c5 2. Nf3 e6 3. b4 b6 4. bxc5 bxc5 5. c3 Bb7 6. e5 d6 7. d4 cxd4 8. cxd4 dxe5 9. Bb5+ Bc6 10. Nxe5 Bxb5 11. Qf3 Qc7 12. Bf4 Bb4+ 13. Nd2 Nf6 14. Qxa8 O-O 15. Qf3 Rc8 16. Nd3 Bxd2+ 17. Bxd2 Nc6 18. O-O Nxd4 19. Qh3 Ne4 20. Rfd1 Ne2+ 21. Kf1 Nxd2+ 22. Rxd2 Nf4 23. Qe3 Nxd3 24. Rxd3 Qc2 25. Kg1 Qxd3 26. Qe1 Qc2 27. h3 Ba6 28. Rd1 Qc6 29. Qe3 Bb7 30. Qg3 g6 31. Rd4 Qc1+ 32. Kh2 Qc7 33. f4 Qc3 34. Rd3 Qc6 35. h4 h5 36. Rf3 Qc2 37. Rf2 Qc1 38. f5 exf5 39. Rxf5 Be4 40. Re5 Rc3 41. Qf2 Qc2 42. Qg3 1-0


[Site "https://www.chess.com"]

[Event "Titled Tuesday Blitz February 22 Late 2022"]
[White "Pakleza, Zbigniew"]
[Black "Pinheiro, Iung Alicio de O."]
[WhiteFideId "1119290"]
[BlackFideId "2104350"]
[WhiteElo "2467"]
[BlackElo "2593"]
[Result "1-0"]
[Round "09"]
[TimeControl "180+1"]
[Date "2022.02.22"]
[WhiteClock "0:00:08"]
[BlackClock "0:00:07"]

1. d4 d5 2. Bf4 c5 3. e3 Nc6 4. c3 Qb6 5. Qb3 c4 6. Qc2 e5 7. dxe5 Bf5 8. Qc1 g5 9. Bg3 h5 10. h4 g4 11. Ne2 Bg7 12. Nd4 Nge7 13. Be2 Bxe5 14. O-O Bxg3 15. fxg3 Bg6 16. b3 Ne5 17. Kh2 Rc8 18. Nd2 O-O 19. bxc4 dxc4 20. e4 Rfd8 21. Rb1 Qc7 22. Qa3 a6 23. Rfd1 N7c6 24. Nxc6 Qxc6 25. Qe7 Qc7 26. Qg5 Kh7 27. a4 Rd7 28. Nf1 Nd3 29. Ne3 Qc5 30. Nf5 Qe5 31. Bxd3 cxd3 32. Rf1 Bxf5 33. Rxf5 Qg7 34. Qxh5+ Qh6 35. Qxg4 d2 36. Rh5 d1=Q 37. Rxh6+ Kxh6 38. Rxd1 Rxd1 39. Qxd1 Rc6 40. Qd2+ Kg7 41. Qf4 Rf6 42. Qe5 Kg6 43. h5+ Kg7 44. Qg5+ Rg6 45. hxg6 fxg6 46. e5 1-0


[Site "https://www.chess.com"]

[Event "Titled Tuesday Blitz February 22 Late 2022"]
[White "Papasimakopoulos, Alexandros"]
[Black "Sanchez Alvares, Kelvin Antonio"]
[WhiteFideId "4244125"]
[BlackFideId "3906680"]
[WhiteElo "2340"]
[BlackElo "2193"]
[Result "0-1"]
[Round "09"]
[TimeControl "180+1"]
[Date "2022.02.23"]
[WhiteClock "0:00:03"]
[BlackClock "0:00:06"]

1. d4 Nf6 2. c4 e6 3. Nc3 c5 4. d5 exd5 5. cxd5 d6 6. Nf3 g6 7. Bf4 a6 8. a4 Bg7 9. h3 O-O 10. e3 Qe7 11. Nd2 Nbd7 12. Be2 Ne5 13. O-O Nfd7 14. Re1 f5 15. Bh2 Rb8 16. Qc2 Nf6 17. e4 fxe4 18. Ndxe4 Nxe4 19. Nxe4 Bf5 20. f3 Qh4 21. Bf1 Bxe4 22. Qxe4 Qxe4 23. Rxe4 g5 24. h4 h6 25. h5 b5 26. axb5 axb5 27. Ra6 Rfd8 28. b3 b4 29. Re1 c4 30. Bxe5 Bxe5 31. Bxc4 Ra8 32. Rc1 Kf7 33. Kf2 Kf6 34. Bd3 Rxa6 35. Bxa6 Bc3 36. Rc2 Re8 37. Bb5 Ra8 38. Re2 Be5 39. Ba4 Rc8 40. Bc6 Rc7 41. Ra2 Re7 42. Ra6 g4 43. fxg4 Kg5 44. Kf3 Rf7+ 45. Ke2 Bd4 46. Be8 Rf6 47. Bd7 Rf2+ 48. Kd3 Bc5 49. Bf5 Rxg2 50. Ra8 Rg3+ 51. Kc2 Rc3+ 52. Kb2 Bd4 53. Ka2 Rc1 54. Bb1 Rd1 55. Rg8+ Kh4 56. Rc8 Bc3 57. Rd8 Rd2+ 58. Bc2 Rxc2+ 59. Kb1 Rb2+ 60. Kc1 Rxb3 61. Kc2 Rb2+ 62. Kd3 Rd2+ 63. Kc4 Rd4+ 64. Kb3 Rxd5 65. Rg8 Bf6 66. Rg6 Bg5 67. Kxb4 Kxg4 68. Kc4 Rd2 69. Kc3 Rd1 70. Kc2 Rd5 71. Kc3 Kxh5 72. Rg8 Rf5 73. Kd4 d5 74. Ra8 Kg4 75. Ra1 Bf6+ 76. Ke3 Bxa1 0-1


[Site "https://www.chess.com"]

[Event "Titled Tuesday Blitz February 22 Late 2022"]
[White "Paravyan, David"]
[Black "Mekhitarian, Krikor Sevag"]
[WhiteFideId "4194985"]
[BlackFideId "2107660"]
[WhiteElo "2569"]
[BlackElo "2598"]
[Result "1-0"]
[Round "09"]
[TimeControl "180+1"]
[Date "2022.02.22"]
[WhiteClock "0:01:49"]
[BlackClock "0:00:17"]

1. e4 c5 2. Nf3 g6 3. d4 cxd4 4. Nxd4 Nc6 5. c4 Nf6 6. Nc3 d6 7. f3 Nxd4 8. Qxd4 Bg7 9. Be3 O-O 10. Qd2 a5 11. b3 a4 12. b4 Be6 13. Rc1 Nd7 14. Nb5 Ne5 15. Be2 Rc8 16. Na3 f5 17. exf5 Bxf5 18. O-O Be6 19. Rfd1 Bf7 20. f4 Nc6 21. Bf3 Kh8 22. Nb5 a3 23. Nxa3 Ra8 24. Nb5 Qd7 25. a3 Rfd8 26. Bb6 Rdc8 27. h3 Nd8 28. Bd5 Bxd5 29. Qxd5 Qc6 30. Be3 Qd7 31. Rd3 Qf5 32. Qxf5 gxf5 33. c5 Nf7 34. cxd6 Rxc1+ 35. Bxc1 exd6 36. Nxd6 Nd8 37. Nxf5 Ne6 38. Nxg7 Kxg7 39. f5 1-0


[Site "https://www.chess.com"]

[Event "Titled Tuesday Blitz February 22 Late 2022"]
[White "Perez Gormaz, Matias"]
[Black "Garagulya, Konstantin"]
[WhiteFideId "3406342"]
[BlackFideId "4128931"]
[WhiteElo "2352"]
[BlackElo "2329"]
[Result "1-0"]
[Round "09"]
[TimeControl "180+1"]
[Date "2022.02.22"]
[WhiteClock "0:00:06"]
[BlackClock "0:00:02"]

1. e4 c5 2. Nf3 a6 3. g3 b5 4. d4 cxd4 5. Nxd4 Bb7 6. Bg2 g6 7. O-O Bg7 8. Nc3 d6 9. a4 bxa4 10. Nxa4 Nd7 11. c4 Qc8 12. b3 Ngf6 13. Re1 O-O 14. Nc3 Nc5 15. Nd5 Re8 16. Nb6 Qb8 17. Nxa8 Qxa8 18. f3 Nfd7 19. Be3 Rb8 20. b4 Ne6 21. Nxe6 fxe6 22. Ra5 Rc8 23. Bh3 Kf7 24. Qb3 Nf8 25. Bf2 Qb8 26. Bf1 Qc7 27. h4 Nd7 28. f4 Nf6 29. Qf3 Qc6 30. Bd3 Rb8 31. h5 Bc8 32. hxg6+ hxg6 33. b5 Qc7 34. Raa1 axb5 35. cxb5 Bb7 36. Ra7 Qd7 37. Qd1 Qc8 38. e5 Nd7 39. exd6 exd6 40. Bxg6+ Kxg6 41. Qg4+ Kh7 42. Rxe6 Nf8 43. Qh5+ Kg8 44. Re7 Qc1+ 45. Re1 Qc2 46. Re8 Rxe8 47. Qxe8 Qd1+ 48. Qe1 Qd5 49. Rxb7 Qxb7 50. b6 Nd7 51. Qe7 Qc6 52. Qd8+ Bf8 53. Qc7 1-0


[Site "https://www.chess.com"]

[Event "Titled Tuesday Blitz February 22 Late 2022"]
[White "Petrovic, Aleksa"]
[Black "Todorovic, Bojan"]
[WhiteFideId "967629"]
[BlackFideId "917087"]
[WhiteElo "2139"]
[BlackElo "2266"]
[Result "0-1"]
[Round "09"]
[TimeControl "180+1"]
[Date "2022.02.23"]
[WhiteClock "0:00:08"]
[BlackClock "0:01:14"]

1. c4 g6 2. d4 Bg7 3. e4 d6 4. Nc3 Nf6 5. Be2 O-O 6. Bg5 c5 7. d5 e6 8. Qd2 exd5 9. cxd5 Re8 10. f3 Na6 11. Bxa6 bxa6 12. Nge2 Rb8 13. O-O-O a5 14. h4 Qb6 15. g4 Nd7 16. Na4 Qb4 17. Qxb4 axb4 18. b3 Ne5 19. Rhf1 Ba6 20. Rd2 c4 21. bxc4 Nxc4 22. Rc2 Rec8 23. Re1 Na3 24. Rxc8+ Rxc8+ 25. Kd1 Bb5 26. Nb2 Bxb2 0-1


[Site "https://www.chess.com"]

[Event "Titled Tuesday Blitz February 22 Late 2022"]
[White "Piesik, Piotr"]
[Black "Kim, Sergey"]
[WhiteFideId "1136194"]
[BlackFideId "13700570"]
[WhiteElo "2232"]
[BlackElo "2625"]
[Result "1-0"]
[Round "09"]
[TimeControl "180+1"]
[Date "2022.02.23"]
[WhiteClock "0:00:25"]
[BlackClock "0:00:04"]

1. Nf3 Nf6 2. g3 g6 3. Bg2 Bg7 4. O-O d6 5. d4 O-O 6. Nbd2 Nbd7 7. e4 e5 8. dxe5 dxe5 9. Qe2 Re8 10. b3 c6 11. a4 a5 12. Bb2 Qc7 13. Nc4 b6 14. Rfd1 Ba6 15. Nfd2 Nc5 16. Qe1 Rad8 17. f3 Nh5 18. Bh3 Ne6 19. Bxe6 Rxe6 20. Ne3 Red6 21. Ndc4 Rxd1 22. Rxd1 f6 23. Ba3 Bc8 24. Rxd8+ Qxd8 25. Qd1 Qe8 26. Nxb6 f5 27. Nxc8 Qxc8 28. exf5 gxf5 29. Qd3 f4 30. Nf5 Qe8 31. Qc4+ Kh8 32. Nd6 Qa8 33. Nf7+ Kg8 34. Nxe5+ Kh8 35. Nf7+ Kg8 36. g4 Nf6 37. Ne5+ Kh8 38. Qxc6 Qa7+ 39. Bc5 Qb8 40. Nd3 Qd8 41. Qd6 Qe8 42. Qe7 Qc8 43. Nxf4 Ng8 44. Qd6 Qe8 45. Ne6 Bf6 46. Bd4 Qg6 47. Bxf6+ Nxf6 48. Qf8+ Ng8 49. Nd8 h6 50. Nf7+ Kh7 51. Ne5 Qb6+ 52. Kg2 Qe6 53. Qf7+ Qxf7 54. Nxf7 Kg6 55. Ne5+ Kf6 56. Nc4 Ne7 57. Nxa5 Nd5 58. Nc4 Kg5 59. Kg3 Nf4 60. h4+ 1-0


[Site "https://www.chess.com"]

[Event "Titled Tuesday Blitz February 22 Late 2022"]
[White "Ponkratov, Pavel"]
[Black "Goltseva, Ekaterina"]
[WhiteFideId "4157800"]
[BlackFideId "24173770"]
[WhiteElo "2487"]
[BlackElo "2140"]
[Result "1-0"]
[Round "09"]
[TimeControl "180+1"]
[Date "2022.02.22"]
[WhiteClock "0:01:42"]
[BlackClock "0:00:33"]

1. d4 Nf6 2. c4 e6 3. Nc3 Bb4 4. Qa4 Bxc3+ 5. bxc3 c5 6. Bg5 h6 7. Bh4 g5 8. Bg3 Nc6 9. dxc5 Ne4 10. e3 Qf6 11. Qa3 Nxc3 12. Bd3 Ne4 13. Rc1 Nxg3 14. hxg3 b6 15. Nf3 bxc5 16. Qxc5 Rb8 17. O-O Qe7 18. Qxe7+ Kxe7 19. c5 Rb7 20. Rfd1 Rb2 21. a4 Nb4 22. Be4 f5 23. Bb1 Bb7 24. Ne5 Rd8 25. Nc4 Rb3 26. Na5 Rxb1 27. Rxb1 Nd5 28. Nxb7 Nc3 29. Nxd8 1-0


[Site "https://www.chess.com"]

[Event "Titled Tuesday Blitz February 22 Late 2022"]
[White "Prohorov, Olexandr"]
[Black "Briscoe, Chris"]
[WhiteFideId "14105578"]
[BlackFideId "408360"]
[WhiteElo "1993"]
[BlackElo "2111"]
[Result "1-0"]
[Round "09"]
[TimeControl "180+1"]
[Date "2022.02.23"]
[WhiteClock "0:00:03"]
[BlackClock "0:00:06"]

1. e4 c5 2. c3 d5 3. exd5 Qxd5 4. d4 Nc6 5. Nf3 Bg4 6. Be2 cxd4 7. cxd4 e6 8. Nc3 Bb4 9. O-O Bxc3 10. bxc3 Nge7 11. Be3 O-O 12. h3 Bf5 13. c4 Qd7 14. Qb3 Na5 15. Qa3 b6 16. Rac1 Rac8 17. Rfd1 Rfd8 18. Ne5 Qe8 19. g4 Be4 20. f3 Ba8 21. Bf2 Nec6 22. c5 Nxe5 23. dxe5 Rxd1+ 24. Rxd1 Nc6 25. cxb6 axb6 26. Bb5 Qe7 27. Qxe7 Nxe7 28. Bxb6 Bxf3 29. Rd8+ Rxd8 30. Bxd8 Ng6 31. Bc7 h5 32. gxh5 Bxh5 33. a4 Bf3 34. Kf2 Ba8 35. a5 Nf4 36. h4 Kh7 37. Kg3 Nd5 38. Bd8 Kg6 39. Kg4 f5+ 40. exf6 gxf6 41. h5+ Kg7 42. Bd3 e5 43. Kf5 Bb7 44. h6+ Kxh6 45. Be2 Bc8+ 46. Ke4 Nb4 47. Bxf6 Kg6 48. Bxe5 Nc6 49. Bc7 Kf6 50. Kd5 Nb4+ 51. Kc5 Na6+ 52. Kb6 Nxc7 53. Kxc7 Bf5 54. Bb5 Be4 55. Bc6 Bd3 56. Kb6 Ke5 57. Bb5 Be4 58. a6 Kd6 59. Be2 Kd7 60. Bg4+ Kd6 61. Bc8 Ke7 62. Bb7 1-0


[Site "https://www.chess.com"]

[Event "Titled Tuesday Blitz February 22 Late 2022"]
[White "Przybylski, Wojciech"]
[Black "Samarth, J Rao"]
[WhiteFideId "1117599"]
[BlackFideId "46652370"]
[WhiteElo "2133"]
[BlackElo "1514"]
[Result "1-0"]
[Round "09"]
[TimeControl "180+1"]
[Date "2022.02.23"]
[WhiteClock "0:00:04"]
[BlackClock "0:00:02"]

1. e4 c5 2. Nf3 d6 3. d4 cxd4 4. Nxd4 Nf6 5. Nc3 a6 6. Be3 e5 7. Nb3 Be6 8. f3 Be7 9. Qd2 h5 10. Nd5 Bxd5 11. exd5 Nbd7 12. c4 Qc7 13. O-O-O a5 14. Kb1 b6 15. Bd3 a4 16. Na1 Nc5 17. Nc2 O-O 18. Na3 Rfb8 19. Bc2 Ne8 20. g4 h4 21. g5 Qd8 22. Rhg1 Nc7 23. g6 b5 24. gxf7+ Kxf7 25. Qg2 Bf6 26. Qg6+ Kf8 27. Bh6 Qe7 28. Bf5 bxc4 29. Nxc4 Nb5 30. Qh7 Qf7 31. Be6 Nxe6 32. dxe6 Qg8 33. Qf5 Ke7 34. Bxg7 Qxe6 35. Bxf6+ Qxf6 36. Qh7+ Ke6 37. Rg6 Nc3+ 38. Kc2 Nxd1 39. Rxf6+ Kxf6 40. Qxh4+ Ke6 41. Qh6+ Kd5 42. Qxd6+ Kxc4 43. b3+ axb3+ 44. axb3+ Kb5 45. Qxd1 Ra2+ 46. Kb1 Rba8 47. Qd5+ Kb4 48. Qc4+ Ka3 49. h4 Rb2+ 50. Kc1 Rxb3 51. Qc5+ Rb4 52. Kc2 Rb8 53. h5 Ka4 54. Qc6+ Ka5 55. Qc7+ Ka6 56. Qc6+ R4b6 57. Qa4+ Kb7 58. Qd7+ Ka6 59. Qa4+ Kb7 60. Qe4+ Rc6+ 61. Kd2 Rd8+ 62. Ke2 Re8 63. h6 Kc7 64. h7 Rh6 65. Qc4+ Kd7 66. Qf7+ Re7 67. Qf5+ Ke8 68. Qg5 Rhxh7 69. Qg8+ Kd7 70. Qd5+ Kc7 71. Ke3 Rd7 72. Qa5+ Kb7 73. Qb5+ Kc7 74. Ke4 1-0


[Site "https://www.chess.com"]

[Event "Titled Tuesday Blitz February 22 Late 2022"]
[White "Romero Ruscalleda, Josep"]
[Black "Novikov, Evgenij"]
[WhiteFideId "2231859"]
[BlackFideId "4125380"]
[WhiteElo "2385"]
[BlackElo "2242"]
[Result "0-1"]
[Round "09"]
[TimeControl "180+1"]
[Date "2022.02.23"]
[WhiteClock "0:00:09"]
[BlackClock "0:00:03"]

1. e4 c5 2. c3 Nf6 3. e5 Nd5 4. Nf3 Nc6 5. Bc4 e6 6. d4 d6 7. O-O Be7 8. a3 O-O 9. Nbd2 a6 10. exd6 Bxd6 11. Ne4 cxd4 12. Nxd6 Qxd6 13. Nxd4 Ne5 14. Be2 b5 15. Nf3 Bb7 16. a4 bxa4 17. c4 Ng4 18. h3 Ngf6 19. cxd5 Bxd5 20. Rxa4 Rfd8 21. Be3 Qc6 22. Rd4 Rdb8 23. Qc1 Qb7 24. Ra4 a5 25. Bd4 Ne4 26. Qe3 Nd6 27. Qe5 Nf5 28. Bc3 f6 29. Qf4 Qd7 30. Rxa5 Rxa5 31. Bxa5 Rxb2 32. Bc3 Rxe2 33. Qb8+ Kf7 34. Bb4 Bxf3 35. gxf3 Nh4 36. Ra1 Nxf3+ 37. Kf1 Qd3 38. Ra7+ Kg6 39. Qg3+ Kh6 40. Qxg7+ Kh5 41. Qg4+ Kh6 42. Qf4+ Ng5 43. Qxf6+ Kh5 44. Kg1 Re1+ 45. Kh2 Qxh3# 0-1


[Site "https://www.chess.com"]

[Event "Titled Tuesday Blitz February 22 Late 2022"]
[White "Rorrer, Grayson"]
[Black "Karttunen, Mika"]
[WhiteFideId "30944996"]
[BlackFideId "502081"]
[WhiteElo "2122"]
[BlackElo "2343"]
[Result "1-0"]
[Round "09"]
[TimeControl "180+1"]
[Date "2022.02.22"]
[WhiteClock "0:00:04"]
[BlackClock "0:00:02"]

1. e4 c5 2. Nf3 d6 3. c3 Nf6 4. Be2 Nc6 5. Qc2 e5 6. O-O Be7 7. h3 Be6 8. Rd1 Rc8 9. Qa4 O-O 10. d4 Bd7 11. dxc5 Nd4 12. Qxa7 Nxe2+ 13. Kh2 Rxc5 14. Be3 Rc6 15. Rd2 Nf4 16. Bxf4 exf4 17. e5 dxe5 18. Nxe5 Rd6 19. Re2 Rd1 20. Qxb7 Bd6 21. Nf3 Be6 22. Rd2 Bd5 23. Qb5 Bxf3 24. gxf3 Rxd2 25. Nxd2 Qe7 26. Qf1 Rb8 27. b3 Qe5 28. Qd3 Bc5 29. Nc4 Qh5 30. Rf1 Qh4 31. Qd2 g5 32. b4 Be7 33. Re1 Bf8 34. Qd4 Bg7 35. Qd2 h5 36. Ne5 Re8 37. Nd3 Rd8 38. Qe2 g4 39. fxg4 hxg4 40. Nxf4 gxh3 41. Nxh3 Ng4+ 42. Kg2 Nh6 43. Qe4 Qh5 44. a4 Ng4 45. Qf3 Qh4 46. Qg3 Qh5 47. Nf4 Qf5 48. Nh3 Nf6 49. Qf4 Qg6+ 50. Qg5 Qd3 51. Re3 Qd1 52. Rg3 Ne8 53. Nf4 Kf8 54. Nh5 Bf6 55. Nxf6 Nxf6 56. Qxf6 Qd5+ 57. Kg1 Qd1+ 58. Kh2 Qh5+ 59. Kg2 Qd5+ 60. Rf3 Qh5 61. Qxd8+ 1-0


[Site "https://www.chess.com"]

[Event "Titled Tuesday Blitz February 22 Late 2022"]
[White "Sadhwani, Raunak"]
[Black "Nakamura, Hikaru"]
[WhiteFideId "35093487"]
[BlackFideId "2016192"]
[WhiteElo "2616"]
[BlackElo "2850"]
[Result "1/2-1/2"]
[Round "09"]
[TimeControl "180+1"]
[Date "2022.02.22"]
[WhiteClock "0:00:11"]
[BlackClock "0:00:06"]

1. d4 g6 2. e4 Bg7 3. Nc3 a6 4. Be3 b5 5. Qd2 Bb7 6. f3 d6 7. h4 h5 8. Nh3 e6 9. Ng5 Nd7 10. O-O-O Nb6 11. b3 Nf6 12. Kb1 Qe7 13. g3 c5 14. dxc5 dxc5 15. Bf4 e5 16. Be3 b4 17. Ne2 Rc8 18. Qd6 Rc6 19. Qxe7+ Kxe7 20. Nc1 Nfd7 21. Nd3 f6 22. Nh3 a5 23. Nb2 Ra8 24. Nf2 Ba6 25. Bxa6 Rxa6 26. g4 c4 27. gxh5 gxh5 28. Rhg1 Bf8 29. Rg8 a4 30. Nxa4 Nxa4 31. bxa4 Nb6 32. Bxb6 Rcxb6 33. Nh1 b3 34. cxb3 cxb3 35. a3 Kf7 36. Rh8 Bxa3 37. Ng3 Rd6 38. Rg1 Bc5 39. Rc1 Rdc6 40. Nf5 Bd4 41. Rh7+ Ke8 42. Rh8+ Kd7 43. Rh7+ Kd8 44. Rxc6 Rxc6 45. Rb7 Rc3 46. Nxd4 exd4 47. Kb2 Rxf3 48. Rxb3 Rf4 49. Rb6 Kc7 50. a5 Rxh4 51. Rxf6 Rxe4 52. Rh6 Re5 53. a6 d3 54. Kc3 Rd5 55. Kd2 Kb8 56. Rh7 Ka8 57. a7 h4 58. Rxh4 Kxa7 59. Rh3 Kb6 60. Rxd3 Ra5 61. Kc2 Kc5 62. Rc3+ Kd4 63. Rd3+ Ke4 64. Rc3 Ra4 65. Kb3 Ra7 66. Rc4+ Kd3 67. Rc3+ Kd2 68. Rc2+ Kd1 69. Rc3 Rb7+ 70. Kc4 Ke2 71. Rh3 Rg7 72. Kd4 Kf2 73. Rc3 Ra7 74. Kc4 Ke2 75. Rh3 Ra4+ 76. Kd5 Rg4 77. Rb3 Rg5+ 78. Kc4 Rg4+ 79. Kd5 Rh4 80. Ke5 Kd2 81. Kd5 Kc2 82. Rg3 Ra4 83. Rf3 Kd2 84. Rg3 Ke2 85. Rb3 Rh4 86. Rc3 Rh5+ 87. Ke4 Kd2 88. Rd3+ Kc2 89. Rg3 Ra5 90. Rf3 Ra4+ 91. Kd5 Ra7 92. Rg3 Kd2 93. Rb3 Ra5+ 94. Ke4 Kc2 95. Rg3 Rh5 96. Rf3 Kd2 97. Rg3 Rh4+ 98. Kd5 Ke2 99. Rb3 Ra4 100. Rg3 Ra5+ 101. Ke4 Ra4+ 102. Kd5 Rh4 103. Rb3 Kf2 104. Ra3 Ke1 105. Re3+ Kd2 106. Rg3 Ke2 1/2-1/2


[Site "https://www.chess.com"]